 Dungeon Crawl Stone Soup version 0.27.0-1-g7a089689b8 (webtiles) character file.

Game seed: 165161105086235640

2 dolemite99 the Grave Robber (level 1, -3/18 HPs)
             Began as an Ogre Necromancer on Aug 8, 2021.
             Killed from afar by a dart slug (5 damage)
             ... with a slug dart
             ... on level 1 of the Dungeon.
             The game lasted 00:00:42 (76 turns).

dolemite99 the Grave Robber (Ogre Necromancer)        Turns: 76, Time: 00:00:43

Health: -3/18      AC:  3    Str: 11    XL:     1   Next: 30%
Magic:  0/3        EV:  9    Int: 16    God:
Gold:   0          SH:  0    Dex:  9    Spells: 3/4 levels left

rFire    . . .     SeeInvis .   (no weapon)
rCold    . . .     Faith    .   (no shield)
rNeg     . . .     Spirit   .   a - +0 robe
rPois    .         Reflect  .   (helmet restricted)
rElec    .         Harm     .   (no cloak)
rCorr    .         Rampage  .   (gloves unavailable)
Will     .....                  (boots unavailable)
Stlth    +.........             (no amulet)
HPRegen  0.06/turn              (no ring)
MPRegen  0.08/turn              (no ring)

@: no status effects
A: large, unfitting armour, tough skin 1
a: no special abilities


You were on level 1 of the Dungeon.
You visited 1 branch of the dungeon, and saw 1 of its levels.

Inventory:

Armour
 a - a +0 robe (worn)


   Skills:
 - Level 0.3 Fighting
 - Level 1.7 Dodging
 - Level 1.4 Stealth
 - Level 2.4 Spellcasting
 + Level 3.6 Necromancy


You had 3 spell levels left.
You knew the following spells:

 Your Spells              Type           Power      Damage    Failure   Level
a - Pain                  Necr           52%        1d6       4%          1

Your spell library contained the following spells:

 Spells                   Type           Power      Damage    Failure   Level
 Animate Skeleton         Necr           26%        N/A       4%          1
 Vampiric Draining        Necr           6%         2d6       13%         3
 Animate Dead             Necr           6%         N/A       41%         4
 Agony                    Necr           13%        N/A       77%         5


Dungeon Overview and Level Annotations

Branches:
Dungeon (1/15)

Altars:


Innate Abilities, Weirdness & Mutations

You are too large for most types of armour.
You have tough skin. (AC +1)


Message History

You are very lightly contaminated with residual magic.
Nothing appears to happen.
A rat comes into view.
There is a staircase leading out of the dungeon here.
There is a staircase leading out of the dungeon here.
Your magical contamination has completely faded away.
The rat bites you but does no damage.
There is a staircase leading out of the dungeon here.
The rat closely misses you. The rat bites you.
The rat bites you but does no damage.
Casting: Pain (safe; 4% risk of failure)
Confirm with . or Enter, or press ? or * to list all spells.
Aiming: Pain (safe; 4% risk of failure)
Press: ? - help, Shift-Dir - straight line, f - rat, p - dart slug
Aim: a rat (chance to affect: 83%)
The rat writhes in agony.
You kill the rat!
The dart slug launches a dart at you. The slug dart misses you.
The dart slug launches a dart at you. The slug dart hits you.
* * * LOW HITPOINT WARNING * * *
The dart slug bites you but does no damage.
The dart slug barely misses you. The dart slug launches a dart at you.
The slug dart misses you.
Casting: Pain (safe; 4% risk of failure)
Confirm with . or Enter, or press ? or * to list all spells.
Aiming: Pain (safe; 4% risk of failure)
Press: ? - help, Shift-Dir - straight line, f - dart slug
Aim: a dart slug (moderately wounded, chance to affect: 83%)
The dart slug writhes in agony.
The dart slug launches a dart at you. The slug dart hits you.
* * * LOW HITPOINT WARNING * * *
There is a staircase leading out of the dungeon here.
The dart slug launches a dart at you. The slug dart hits you.
You die...

#######
#.....#
#..†..#
#.w##.#
#...@.# .
#.....# ..
#####'#
###...
##.##..g..
#.....#
#.....#
#.....#
+.....#
#.....#


You could see a dart slug.

Vanquished Creatures
  A hobgoblin (D:1)
  A rat (D:1)
2 creatures vanquished.

Notes
Turn   | Place    | Note
-------+----------+-------------------------------------------
     0 | D:1      | dolemite99 the Ogre Necromancer began the quest for the
                  | Orb.
     0 | D:1      | Reached XP level 1. HP: 16/16 MP: 3/3
    76 | D:1      | Killed from afar by a dart slug

Illustrated notes

Levels and vault maps discovered:
D:1:      dpeg_arrival_rooms_b, layout_basic,
          hellmonk_ecumenical_altar_inner_sanctum, serial_shops,
          nicolae_square_shop

Action                   || total
-------------------------++-------
 Cast: Pain              ||     5
Armor: Robe              ||     3
Dodge: Dodged            ||     5
